 Dungeon Crawl Stone Soup version 0.32-a0-296-gbfd232f (webtiles) character file.

Game seed: 17749817377212822446

103 skewfiend the Chopper (level 4, -2/40 HPs)
             Began as a Mountain Dwarf Monk on Feb 14, 2024.
             Succumbed to their own poison gas
             ... on level 3 of the Dungeon.
             The game lasted 00:03:14 (1172 turns).

skewfiend the Chopper (Mountain Dwarf Monk)         Turns: 1172, Time: 00:03:14

Health: -2/40      AC:  7    Str: 16    XL:     4   Next: 51%
Magic:  4/4        EV:  9    Int: 10    God:
Gold:   163        SH:  0    Dex: 12    Spells: 3/3 levels left

rFire   . . .        a - +0 hand axe
rCold   . . .        d - orb {light}
rNeg    . . .        e - +1 scale mail
rPois   .            (no helmet)
rElec   .            (no cloak)
rCorr   .            (no gloves)
SInv    .            (no boots)
Will    .....        p - amulet of magic regeneration Stlth
                     (no ring)
HPRegen 0.26/turn    (no ring)
MPRegen 0.49/turn

%: no passive effects
@: lethally poisoned (-2 -> -16), glowing
A: runic magic, artefact enchanting
a: no special abilities


You were on level 3 of the Dungeon.
You visited 1 branch of the dungeon, and saw 3 of its levels.

You collected 163 gold pieces.

Inventory:

Hand Weapons
 a - a +0 hand axe (weapon)
Missiles
 m - 27 stones (quivered)
Armour
 b - a +0 robe
 d - an orb of light (worn)
 e - a +1 scale mail (worn)
Magical Staves
 q - a staff of conjuration
 s - a staff of fire
Jewellery
 p - an amulet of magic regeneration (around neck)
Scrolls
 i - a scroll of poison
 j - a scroll of enchant armour
 k - a scroll of identify {unknown}
 n - a scroll of silence {unknown}
 r - a scroll of teleportation {unknown}
 t - a scroll of fog {unknown}
Potions
 c - a potion of ambrosia
 f - a potion of haste {unknown}
 g - a potion of curing
 h - a potion of might {unknown}
 l - a potion of mutation {unknown}
 o - a potion of enlightenment {unknown}


   Skills:
 + Level 4.3 Fighting
 * Level 5.7 Axes
 - Level 2.1 Dodging


You had 3 spell levels left.
You didn't know any spells.
Your spell library contained the following spells:

 Spells                   Type           Power      Damage    Failure   Level
 Hailstorm                Conj/Ice       0%         3d5       83%         3
 Summon Ice Beast         Ice/Summ       0%         N/A       83%         3
 Sculpt Simulacrum        Ice/Alch       0%         N/A       100%        6


Dungeon Overview and Level Annotations

Branches:
Dungeon (3/15)

Altars:


Innate Abilities, Weirdness & Mutations

Your spellcasting is much less encumbered by armour.
You can use scrolls of enchantment on lesser artefacts.


Message History

You hit the gnoll.
The gnoll is lightly wounded.
The gnoll hits you with a +0 halberd!
You hit the gnoll.
The gnoll is moderately wounded.
The gnoll hits you with a +0 halberd.
Unknown command.
Sorry, you're not good enough to have a special ability.
You hit the gnoll.
The gnoll is severely wounded.
The gnoll barely misses you. The gnoll closely misses you.
You hit the gnoll.
The gnoll is almost dead.
The gnoll closely misses you. The gnoll hits you with a +0 halberd!
You slash the gnoll!
You kill the gnoll!
The gnoll barely misses you.
The gnoll throws a throwing net.
The throwing net hits you.
You become entangled in the net!
The air fills with toxic fumes!
As you read the scroll labelled KONYSI GAEXE, it crumbles to dust.
It was a scroll of poison.
The gnoll closely misses you.
Unknown command.
As you read the scroll labelled BOWOEMIYGG, it crumbles to dust.
It is a scroll of enchant armour.
Your +0 scale mail glows green for a moment.
The gnoll hits you from afar with a +0 halberd.
It was a potion of curing.
You feel better.
The gnoll hits you from afar with a +0 halberd.
You struggle against the net.
The gnoll hits you from afar with a +0 halberd.
* * * LOW HITPOINT WARNING * * *
You struggle against the net.
The gnoll hits you but does no damage.
You shred the net and break free!
The gnoll hits you from afar with a +0 halberd.
* * * LOW HITPOINT WARNING * * *
The gnoll throws a throwing net.
The throwing net closely misses you.
You are engulfed in poison gas.
You are lethally poisoned!
* * * LOW HITPOINT WARNING * * *
You die...

.#. ... ..# #.# #.#
########### #.#
§§§☼§§§§§☼# #.#
§§§§§g§§☼§#####.#
#######
§☼§☼§g§(@§§§§§§.#
......#
§§§§§####§§§§§§.####
......# ☼§§
###.§§§§§....#
......# §
#...#####....#
......# #...# #....#
......#########...#
#.####
......'...........#
#.#
......#.#######.###
#.# ##+##.#...# #.#
#.#


You could see 2 gnolls.

Vanquished Creatures
  A gnoll (D:3)
  3 adders (D:2)
  A dart slug (D:2)
  A ribbon worm (D:2)
  2 ball pythons (D:2)
  4 bats (D:1)
  2 endoplasms
  A giant cockroach (D:1)
  4 hobgoblins
  2 jackals (D:1)
  2 frilled lizards (D:1)
  4 goblins (D:1)
  5 kobolds
  5 rats
37 creatures vanquished.

Notes
Turn   | Place    | Note
-------+----------+-------------------------------------------
     0 | D:1      | skewfiend the Mountain Dwarf Monk began the quest for the
                  | Orb.
     0 | D:1      | Reached XP level 1. HP: 19/19 MP: 1/1
    22 | D:1      | Reached skill level 4 in Axes
    92 | D:1      | Reached XP level 2. HP: 25/26 MP: 2/2
   120 | D:1      | You fall into a shaft and drop 1 floor!
   276 | D:1      | Reached XP level 3. HP: 31/33 MP: 3/3
   483 | D:1      | Reached skill level 5 in Axes
   732 | D:2      | Reached XP level 4. HP: 35/40 MP: 4/4
  1172 | D:3      | HP: 2/40 [cloud of poison gas (4)]
  1172 | D:3      | Succumbed to their own poison gas

Illustrated notes

Levels and vault maps discovered:
D:1:      dpeg_arrival_pits, layout_loops_ring
D:2:      layout_rooms
D:3:      layout_basic, jmf_multi_god_temple, uniq_sigmund

Skill      XL: |  1  2  3 |
---------------+----------+-----
Axes           | 4 5 |  5.7
Fighting       | 4 |  4.3
Dodging        | |  2.1

Action                     |  1- 3 |  4- 6 || total
---------------------------+-------+-------++-------
  Melee: Hand axe          |    73 |    23 ||    96
    Use: Scroll            |       |     2 ||     2
         Potion            |       |     1 ||     1
 Armour: Scale mail        |    54 |    17 ||    71
  Dodge: Dodged            |    32 |    14 ||    46

Table legend: (Time is in decaauts)
 A = Elapsed time spent in this place.
 B = Non-inter-level travel time spent in this place.
 C = Inter-level travel time spent in this place.
 D = Time resting spent in this place.
 E = Time spent auto-exploring this place.
 F = Levels seen in this place.
 G = Mean time per level.
                   A        B        C        D        E       F      G
               +--------+--------+--------+--------+--------+-----+--------+
         Total |   1176 |   1141 |     35 |      0 |    894 |   3 |  392.0 |
       Dungeon |   1176 |   1141 |     35 |      0 |    894 |   3 |  392.0 |
               +--------+--------+--------+--------+--------+-----+--------+

Top non-repeatable levels by time:
     D:1: 588 daAuts
     D:2: 501 daAuts
     D:3: 87 daAuts
